[Event "DVM U14 2019"]
[Site "Magedburg"]
[Date "2019.12.27"]
[Round "1"]
[White "Müller, Magnus"]
[Black "Schreidl, Michael"]
[Result "1-0"]
[ECO "C54"]
[WhiteElo "2055"]
[BlackElo "1632"]
[Annotator "NA RC"]
[PlyCount "63"]
[EventDate "2019.12.27"]
[EventType "team-tourn"]
[EventRounds "7"]
[EventCountry "GER"]
[SourceTitle "playchess.com"]
[Source "ChessBase"]
[SourceQuality "1"]
[WhiteTeam "ESV Gera"]
[BlackTeam "SK Frankenthal"]
[TimeControl "40/5400+30:1800+30"]

1. e4 e5 2. Nf3 Nc6 3. Bc4 Bc5 4. c3 Nf6 5. d4 exd4 6. O-O d5 7. exd5 Nxd5 8. Qb3 Na5 9. Qb5+ c6 10. Qxc5 b6 11. Qxd4 O-O 12. Bxd5 cxd5 13. Bf4 Nc6 14. Qd3 a5 15. Re1 Ba6 16. Qc2 d4 17. Nxd4 Nxd4 18. cxd4 Qxd4 19. Be5 Qg4 20. Nc3 Bb7 21. Bg3 Rac8 22. Qb3 Qg6 23. Rad1 Rc6 24. Nd5 Re6 25. Ne7+ Rxe7 26. Rxe7 Qc6 27. Qf3 Qxf3 28. gxf3 Bxf3 29. Rd3 Bg4 30. Bc7 Be6 31. Rd8 Bxa2 32. Ree8 {normal} 1-0

[Event "DVM U14 2019"]
[Site "Magedburg"]
[Date "2019.12.27"]
[Round "1"]
[White "Garner, Isaac"]
[Black "Lerchl, Clemens"]
[Result "1-0"]
[ECO "B72"]
[WhiteElo "2040"]
[BlackElo "1743"]
[Annotator "NA RC"]
[PlyCount "57"]
[EventDate "2019.12.27"]
[EventType "team-tourn"]
[EventRounds "7"]
[EventCountry "GER"]
[SourceTitle "playchess.com"]
[Source "ChessBase"]
[SourceQuality "1"]
[WhiteTeam "Hamburger SK"]
[BlackTeam "SC Vaterstetten-Grasbrunn"]
[TimeControl "40/5400+30:1800+30"]

1. e4 c5 2. Nf3 d6 3. d4 Nf6 4. Nc3 cxd4 5. Nxd4 g6 6. Be3 Bg7 7. Be2 O-O 8. Qd2 Nc6 9. O-O-O Ng4 10. Bxg4 Bxg4 11. f3 Bd7 12. Nxc6 {[%emt 0:00:24] B72: Sicilian Dragon: 6 Be3, lines with h3+Bc4 and sidelines} bxc6 13. Bh6 {[%emt 0:00:05] [#]} Rb8 $146 {[%emt 0:00:35] unterminated} ({Predecessor:} 13... Qa5 14. Bxg7 Kxg7 15. h4 h5 16. e5 d5 17. g4 Rh8 18. Qg5 Kf8 19. a3 Be6 {0-1 (56) Huschenbeth,N (2601)-Mista,A (2597) Czech Republic 2018}) 14. Bxg7 Kxg7 15. h4 {[%emt 0:00:04] unterminated} Qb6 16. b3 {[%emt 0:01:07] unterminated} h5 {[%emt 0:05:11] unterminated} 17. g4 {[%emt 0:06:33] unterminated} Rh8 {[%emt 0:01:21] unterminated} 18. g5 Rhc8 {[%emt 0:04:23] unterminated} 19. f4 {[%emt 0:03:59] unterminated} d5 {[%emt 0:20:50] unterminated} (19... Qc5 $11 {remains equal.}) 20. exd5 (20. f5 $5) 20... Bf5 (20... Bg4 $1 $11) 21. d6 Rd8 22. Na4 Qb5 23. Qc3+ Kh7 24. dxe7 Re8 25. Rhe1 {[%emt 0:01:32] unterminated} Be6 26. Nc5 {[%emt 0:03:35] unterminated} Rxe7 $18 27. Ne4 Kg8 28. Nf6+ Kf8 29. Nd5 {[%emt 0:01:04] normal} 1-0

[Event "DVM U14 2019"]
[Site "Magedburg"]
[Date "2019.12.27"]
[Round "1"]
[White "Morgenstern, Tobias"]
[Black "Berresheim, Nils"]
[Result "1-0"]
[ECO "B53"]
[WhiteElo "1943"]
[BlackElo "1509"]
[Annotator "NA RC"]
[PlyCount "67"]
[EventDate "2019.12.27"]
[EventType "team-tourn"]
[EventRounds "7"]
[EventCountry "GER"]
[SourceTitle "playchess.com"]
[Source "ChessBase"]
[SourceQuality "1"]
[WhiteTeam "Schachzwerge Magdeburg"]
[BlackTeam "SF Essen-Katernberg"]
[TimeControl "40/5400+30:1800+30"]

1. e4 c5 2. Nf3 d6 3. d4 cxd4 4. Qxd4 Nc6 5. Bb5 Bd7 6. Bxc6 Bxc6 7. Nc3 Nf6 8. Bg5 e5 9. Qd2 {[%emt 0:06:44] B53: Sicilian: 2...d6: Lines with Qxd4} (9. Qd3 Be7 10. Rd1 Qa5 11. O-O O-O 12. a3 Rfd8 13. b4 Qb6 14. Nh4 d5 15. Nf5 dxe4 16. Nxe7+ Kf8 17. Qg3 Kxe7 18. Qxe5+ {1-0 (25) Polzin,R (2413)-Schwarz,D (2278) Novi Sad 2016}) 9... Be7 10. Bxf6 Bxf6 11. O-O-O Be7 12. Nd5 Bxd5 13. Qxd5 Qc7 {[%emt 0:01:58] unterminated} 14. Qb5+ $146 {[%emt 0:07:22] unterminated} ({Predecessor:} 14. Rd3 O-O 15. Rc3 Qd7 16. Nxe5 Qd8 17. Nf3 b6 {0-1 (27) Rau,E (1221)-Shkundin,M (1224) Willingen 2019}) 14... Qc6 {[%emt 0:02:49] unterminated} 15. Rd5 {[%emt 0:01:07] unterminated} Rc8 {[%emt 0:08:11] unterminated} 16. Qd3 O-O {[%emt 0:03:11] unterminated} 17. h4 {[%emt 0:02:05] unterminated} Rc7 {[%emt 0:08:32] unterminated} 18. c3 {[%emt 0:03:30] unterminated} a6 {[%emt 0:05:17] unterminated} 19. Kb1 {[%emt 0:05:41] unterminated} b5 {[%emt 0:03:53] unterminated} 20. Ng5 {[%emt 0:07:22] unterminated} b4 {[%emt 0:05:36] unterminated} 21. Rc1 {[%emt 0:18:12] unterminated} Rfc8 {[%emt 0:05:35] unterminated} 22. c4 {[%emt 0:05:35] unterminated} Qb6 {[%emt 0:06:30] unterminated} 23. f4 exf4 24. e5 Bxg5 25. hxg5 Rc5 26. exd6 Rd8 27. Qd4 Rc6 28. Qxb6 Rxb6 29. c5 Rc6 30. Re1 {[%emt 0:00:55] unterminated} Kf8 $18 31. Re7 Rdc8 32. Rb7 Rxc5 33. Rxc5 Rxc5 34. Rb8+ {[%emt 0:00:03] normal} 1-0

[Event "DVM U14 2019"]
[Site "Magedburg"]
[Date "2019.12.27"]
[Round "1"]
[White "Halabi, Ibrahim"]
[Black "Schubert, Nikita"]
[Result "*"]
[ECO "C54"]
[WhiteElo "1918"]
[BlackElo "1914"]
[Annotator "NA RC"]
[PlyCount "42"]
[EventDate "2019.12.27"]
[EventType "team-tourn"]
[EventRounds "7"]
[EventCountry "GER"]
[SourceTitle "playchess.com"]
[Source "ChessBase"]
[SourceQuality "1"]
[WhiteTeam "SK Frankenthal"]
[BlackTeam "ESV Gera"]
[TimeControl "40/5400+30:1800+30"]

1. e4 e5 2. Nf3 Nc6 3. Bc4 Bc5 4. c3 Nf6 5. d4 exd4 6. e5 d5 7. Bb5 Ne4 8. cxd4 Bb6 {[%emt 0:00:12] unterminated} 9. Nc3 {[%emt 0:00:37] unterminated} O-O 10. Be3 {[%emt 0:01:57] unterminated} f6 {[%emt 0:07:26] unterminated} 11. Qb3 {[%emt 0:10:57] unterminated} Nxc3 {[%emt 0:07:16] unterminated} 12. bxc3 {[%emt 0:13:13] unterminated} Na5 {[%emt 0:10:37] unterminated} 13. Qc2 {[%emt 0:02:23] unterminated} fxe5 14. Nxe5 Bf5 {[%emt 0:02:22] unterminated} 15. Bd3 Bxd3 16. Qxd3 {[%emt 0:00:12] unterminated} c6 17. O-O {[%emt 0:02:04] unterminated} Bc7 $14 18. f4 {[%emt 0:02:25] unterminated} Qe8 {[%emt 0:09:49] unterminated} 19. Rae1 {[%emt 0:06:15] unterminated} Qh5 {[%emt 0:06:09] unterminated} 20. Bc1 {[%emt 0:09:08] unterminated} Bd6 {[%emt 0:05:25] unterminated} 21. Re3 Qf5 {[%emt 0:01:05] unterminated} *

[Event "DVM U14 2019"]
[Site "Magedburg"]
[Date "2019.12.27"]
[Round "1"]
[White "Blome, Johannes"]
[Black "Karpen, Jakob"]
[Result "1-0"]
[ECO "C78"]
[WhiteElo "1877"]
[BlackElo "1381"]
[Annotator "NA RC"]
[PlyCount "41"]
[EventDate "2019.12.27"]
[EventType "team-tourn"]
[EventRounds "7"]
[EventCountry "GER"]
[SourceTitle "playchess.com"]
[Source "ChessBase"]
[SourceQuality "1"]
[WhiteTeam "Hamburger SK"]
[BlackTeam "SC Vaterstetten-Grasbrunn"]
[TimeControl "40/5400+30:1800+30"]

1. e4 e5 2. Nf3 Nc6 3. Bb5 a6 4. Ba4 Nf6 5. O-O b5 6. Bb3 Bc5 7. c3 O-O 8. d4 exd4 9. cxd4 Bb6 10. e5 Ne8 11. d5 Na5 12. Bc2 Bb7 13. Ng5 g6 14. Ne4 Kg7 15. Bg5 Qc8 16. Bf6+ Nxf6 17. exf6+ Kh8 18. Qd2 g5 19. Nxg5 Qd8 20. Qd3 Qxf6 21. Qxh7# {[%emt 0:00:07] normal} 1-0

[Event "DVM U14 2019"]
[Site "Magedburg"]
[Date "2019.12.27"]
[Round "1"]
[White "Zeuner, Ole"]
[Black "Jahrke, Jonas"]
[Result "1-0"]
[ECO "B51"]
[WhiteElo "1794"]
[BlackElo "1833"]
[Annotator "NA"]
[PlyCount "98"]
[EventDate "2019.12.27"]
[EventType "team-tourn"]
[EventRounds "7"]
[EventCountry "GER"]
[SourceTitle "playchess.com"]
[Source "ChessBase"]
[SourceQuality "1"]
[WhiteTeam "Schachzwerge Magdeburg"]
[BlackTeam "SF Essen-Katernberg"]
[TimeControl "40/5400+30:1800+30"]

1. e4 c5 2. Nf3 d6 3. Bb5+ Nd7 {[%emt 0:03:03] unterminated} 4. O-O Ngf6 5. Re1 {[%emt 0:00:34] unterminated} e6 6. c3 {[%emt 0:01:27] unterminated} a6 7. Bf1 {[%emt 0:02:08] unterminated} Be7 8. d4 O-O {[%emt 0:03:23] unterminated unterminated. B51: Sicilian: Moscow Variation (3 Bb5+) without 3...Bd7} (8... d5 9. e5 Ne4 10. Bd3 f5 11. exf6 Ndxf6 12. Nbd2 Nxd2 13. Bxd2 O-O 14. Bg5 Bd7 15. Qc2 h6 16. Bh4 {1-0 (51) Ulybin,M (2501)-Kevlishvili,R (2425) Amsterdam 2017}) 9. e5 {[%emt 0:06:57] unterminated} dxe5 {[%emt 0:02:54] unterminated} 10. dxe5 Nd5 11. c4 {[%emt 0:01:10] unterminated} Nb4 12. a3 Nc6 {[%emt 0:00:19] unterminated} 13. Nc3 {[%emt 0:02:44] unterminated} Qc7 14. Bf4 {[%emt 0:02:13] unterminated} Rd8 15. Qc2 Nd4 $146 {[%emt 0:03:43] unterminated} ({Predecessor:} 15... Nf8 16. Bg3 {1-0 (28) Debray,C (2328)-Estevez Hernandez,C (1892) Las Palmas 2017}) 16. Qe4 {[%emt 0:07:20] unterminated} (16. Nxd4 $1 $14 cxd4 17. Na2) 16... Nf8 {[%emt 0:10:15] unterminated} 17. Rad1 Nxf3+ 18. Qxf3 {[%emt 0:00:13] unterminated} Bd7 {[%emt 0:01:46] [#] unterminated} 19. Bd3 (19. Nd5 $1 $16 exd5 20. e6 {[%mdl 64] Discovered Attack}) 19... Ng6 20. Bg3 Bc6 21. Be4 {[%emt 0:01:06] unterminated} Rxd1 22. Rxd1 Bxe4 {[%emt 0:02:08] unterminated} 23. Qxe4 {[%emt 0:03:28] unterminated} Rb8 {[%emt 0:09:57] unterminated} 24. h4 {[%emt 0:16:08] unterminated} Qb6 {[%emt 0:07:31] unterminated} 25. h5 Qxb2 26. hxg6 Qxc3 27. gxh7+ Kh8 28. Bf4 Rd8 29. Rxd8+ Bxd8 30. Qxb7 Qa1+ 31. Kh2 Kxh7 32. Qxf7 Qd4 {[%emt 0:01:57] unterminated} 33. Qh5+ Kg8 34. Be3 {[%emt 0:00:29] unterminated} Qd7 {[%emt 0:03:09] unterminated} 35. Bxc5 {[%emt 0:02:56] unterminated} Be7 {[%emt 0:01:30] unterminated} 36. Bxe7 Qxe7 {[%emt 0:00:28] unterminated} 37. a4 {[%emt 0:01:18] unterminated} Qd8 {[%emt 0:01:32] unterminated} 38. Qg4 {[%emt 0:03:04] unterminated} Kf7 39. Qf3+ Kg8 40. Qc6 Qh4+ 41. Kg1 Qg4 {[%emt 0:30:24] unterminated} 42. g3 $18 {[%emt 0:10:08] unterminated} Qf5 {[%emt 0:00:00] unterminated} 43. Qa8+ Kh7 {[%emt 0:00:00] unterminated} 44. Qxa6 {[%emt 0:00:00] unterminated} Qxe5 45. Qb5 {[%emt 0:00:00] unterminated} Qe1+ {[%emt 0:00:00] unterminated} 46. Kg2 Qe4+ 47. Kh2 {[%emt 0:00:00] unterminated} Qe2 {[%emt 0:00:00] unterminated} 48. Qc5 {[%emt 0:00:00] unterminated} e5 {[%emt 0:00:00] unterminated} 49. a5 {[%emt 0:00:00] unterminated} Qa2 {[%emt 0:00:00] unterminated} 1-0

[Event "DVM U14 2019"]
[Site "Magedburg"]
[Date "2019.12.27"]
[Round "1"]
[White "Zamhöfer, Luca"]
[Black "Stockmann, Till"]
[Result "0-1"]
[ECO "B22"]
[WhiteElo "1724"]
[BlackElo "1894"]
[Annotator "NA RC"]
[PlyCount "74"]
[EventDate "2019.12.27"]
[EventType "team-tourn"]
[EventRounds "7"]
[EventCountry "GER"]
[SourceTitle "playchess.com"]
[Source "ChessBase"]
[SourceQuality "1"]
[WhiteTeam "SF Essen-Katernberg"]
[BlackTeam "Schachzwerge Magdeburg"]
[TimeControl "40/5400+30:1800+30"]

1. e4 c5 2. c3 d5 3. exd5 Qxd5 4. d4 Nf6 5. Nf3 Bg4 6. Be2 e6 7. O-O {[%emt 0:00:38] unterminated} Nc6 8. Be3 cxd4 9. cxd4 Be7 10. Nc3 Qd6 11. h3 {[%emt 0:01:47] unterminated} Bh5 {[%emt 0:10:23] unterminated} 12. Qb3 {[%emt 0:06:26] unterminated} O-O {[%emt 0:05:17] unterminated} 13. g4 {[%emt 0:11:44] B22: Sicilian: 2 c3} (13. Rfd1 Rfd8 14. a3 a6 15. Na4 Nd5 16. Nc5 Rab8 17. Rac1 Nf4 18. Bxf4 Qxf4 19. Qe3 Bd6 20. g4 Bg6 21. Qxf4 Bxf4 22. Rc3 Bd6 {½-½ (41) Sjugirov,S (2647)-Dubov,D (2638) Ekaterinburg 2013}) 13... Bg6 {[%emt 0:01:52] unterminated} 14. a3 {[%emt 0:24:31] unterminated} a6 $146 {[%emt 0:04:07] unterminated} ({Predecessor:} 14... Nd5 15. Nxd5 exd5 16. Rac1 Rab8 17. Rc5 Rfd8 18. Rfc1 h5 19. Rb5 hxg4 20. hxg4 b6 {0-1 (52) Lykov,V (2164)-Pushkarev,D (2369) Kemerovo 2007}) 15. Rfd1 {[%emt 0:04:03] unterminated} Rfd8 {[%emt 0:05:51] unterminated} 16. Rac1 {[%emt 0:11:22] unterminated} b5 {[%emt 0:07:01] unterminated} 17. Bg5 {[%emt 0:16:29] unterminated} Rac8 18. Bh4 Ne4 19. Nxe4 Bxe4 20. Bg3 {[%emt 0:00:08] unterminated} Qd7 {[%emt 0:04:38] unterminated} 21. Ne5 $19 (21. Qe3 $15 Bd5 22. Ne5) 21... Nxd4 22. Nxd7 Nxb3 23. Rxc8 Rxc8 24. Bd3 Bf3 25. Re1 f6 26. Be4 Nd2 27. Bb1 Bxg4 28. Nb6 Nf3+ 29. Kf1 Bxh3+ 30. Ke2 Nd4+ 31. Kd3 Bf5+ 32. Ke3 Nc2+ 33. Bxc2 Rxc2 34. Kf3 Rc6 35. Na8 Bd8 36. Rd1 Rc8 37. Rd7 Rxa8 {[%emt 0:00:24] normal} 0-1

[Event "DVM U14 2019"]
[Site "Magedburg"]
[Date "2019.12.27"]
[Round "1"]
[White "Rasch, Lukas"]
[Black "Joppich, Til"]
[Result "0-1"]
[ECO "A20"]
[WhiteElo "1596"]
[BlackElo "1916"]
[Annotator "NA"]
[PlyCount "118"]
[EventDate "2019.12.27"]
[EventType "team-tourn"]
[EventRounds "7"]
[EventCountry "GER"]
[SourceTitle "playchess.com"]
[Source "ChessBase"]
[SourceQuality "1"]
[WhiteTeam "SF Essen-Katernberg"]
[BlackTeam "Schachzwerge Magdeburg"]
[TimeControl "40/5400+30:1800+30"]

1. c4 e5 2. e3 Nf6 3. a3 c5 4. g3 Nc6 5. Bg2 Be7 {[%emt 0:01:20] unterminated} 6. Nc3 d6 {[%emt 0:03:35] unterminated} 7. Nge2 {[%emt 0:01:55] unterminated} Be6 {[%emt 0:13:47] unterminated} 8. d3 {[%emt 0:02:46] unterminated} Qd7 {[%emt 0:04:31] unterminated} 9. Rb1 d5 10. cxd5 {[%emt 0:01:28] unterminated} Nxd5 {[%emt 0:00:17] unterminated} 11. Qc2 {[%emt 0:02:47] unterminated} Rd8 {[%emt 0:07:27] unterminated} 12. O-O {[%emt 0:02:41] unterminated} O-O 13. Rd1 {[%emt 0:01:37] unterminated} b6 14. b3 {[%emt 0:01:27] unterminated} f5 {[%emt 0:05:06] unterminated} 15. f4 {[%emt 0:13:01] unterminated} ({White should try} 15. Nxd5 $15 Bxd5 16. Bb2) 15... Nxc3 16. Qxc3 {[%emt 0:01:29] unterminated} e4 {[%emt 0:02:11] unterminated} 17. d4 {[%emt 0:07:47] unterminated} Bf6 18. Bb2 {[%emt 0:01:06] unterminated} cxd4 19. exd4 {[%emt 0:00:41] unterminated} Na5 20. Ba1 Rc8 21. Qe3 Bd5 22. g4 fxg4 23. Bxe4 Bxe4 24. Qxe4 Rfe8 25. Qd3 Qd5 26. Ng3 Rcd8 27. Kf2 Nc6 28. Ne2 Re4 29. Rbc1 Rde8 30. Rc2 Na5 31. Rb2 Re3 32. Qxe3 Rxe3 33. Kxe3 Qf3+ 34. Kd2 Nxb3+ 35. Rxb3 Qxb3 36. Bc3 Qxa3 37. Ra1 Qe7 38. Ng3 Qd7 39. Ke3 {[%emt 0:00:37] unterminated} b5 40. Rd1 Qe7+ 41. Ne4 b4 42. Rb1 bxc3 43. Rb8+ Kf7 44. Rb7 Qxb7 45. Nd6+ Ke6 46. Nxb7 Kd5 {[%emt 0:00:00] unterminated} 47. Kd3 Bxd4 {[%emt 0:00:00] unterminated} 48. Na5 {[%emt 0:00:00] unterminated} h5 49. Nb3 Bf6 {[%emt 0:00:00] unterminated} 50. Nc1 a5 51. Nb3 a4 52. Na5 h4 53. Nc4 Kc5 54. Ne3 {[%emt 0:00:00] unterminated} g3 55. h3 a3 56. Nc4 a2 57. Na5 Kb4 58. Nc6+ Ka3 59. Nd4 Bxd4 {[%emt 0:00:00] normal} 0-1

[Event "DVM U14 2019"]
[Site "Magedburg"]
[Date "2019.12.27"]
[Round "1"]
[White "Popovici, Liviu-Daniel"]
[Black "von Krosigk, Florian"]
[Result "0-1"]
[ECO "C50"]
[WhiteElo "1526"]
[BlackElo "1984"]
[Annotator "NA RC"]
[PlyCount "74"]
[EventDate "2019.12.27"]
[EventType "team-tourn"]
[EventRounds "7"]
[EventCountry "GER"]
[SourceTitle "playchess.com"]
[Source "ChessBase"]
[SourceQuality "1"]
[WhiteTeam "SC Vaterstetten-Grasbrunn"]
[BlackTeam "Hamburger SK"]
[TimeControl "40/5400+30:1800+30"]

1. e4 e5 2. Nf3 Nc6 3. Bc4 Bc5 4. d3 Nf6 5. Nc3 {unterminated} a6 6. a3 d6 {[%emt 0:01:04] unterminated} 7. h3 h6 8. O-O {[%emt 0:04:12] unterminated C50: Hungarian Defence and Giuoco Pianissimo} g5 (8... O-O 9. Ne2 Ne7 10. Ng3 Ng6 11. c3 b5 12. Bb3 Bb6 13. a4 Bb7 14. axb5 axb5 15. Rxa8 Bxa8 16. Be3 Bxe3 17. fxe3 {½-½ (42) Safarli,E (2657)-Khairullin,I (2652) Skopje 2015}) 9. Kh1 $146 ({Predecessor:} 9. g4 Qe7 10. Nd5 Nxd5 11. Bxd5 f6 12. Bxc6+ bxc6 13. d4 Bb6 14. dxe5 dxe5 15. Kg2 h5 {0-1 (27) Asgarov,M (2260)-Rzayev,B (2416) Baku 2014}) 9... g4 {[%emt 0:02:21] unterminated} 10. Ng1 {[%emt 0:03:22] unterminated} gxh3 11. gxh3 {[%emt 0:07:05] unterminated} Nd4 {[%emt 0:08:15] unterminated} 12. Nce2 {[%emt 0:07:35] unterminated} Qe7 {[%emt 0:14:17] unterminated} 13. Nxd4 Bxd4 14. Qf3 {unterminated} Be6 {[%emt 0:03:01] unterminated} 15. Ba2 O-O-O 16. c3 Ba7 17. Be3 Kb8 {[%emt 0:00:43] unterminated} 18. Bxa7+ Kxa7 19. Ne2 {[%emt 0:03:30] unterminated} Nh7 (19... d5 $17 20. exd5 Nxd5) 20. Bxe6 fxe6 21. Ng3 Ng5 22. Qe3+ Kb8 23. Kh2 Rdf8 {[%emt 0:01:19] unterminated} 24. f4 exf4 25. Rxf4 Rxf4 26. Qxf4 Rf8 27. Qe3 Rf3 28. Qe2 Rf4 29. Kg2 Rh4 30. Rh1 Qg7 {[%emt 0:02:20] unterminated} 31. Qf2 Qe5 $11 {[%emt 0:01:30] unterminated keeps the balance.} 32. Qf8+ $2 (32. Ne2 $18 Rh5 33. Qf8+ Ka7 34. Qf4) 32... Ka7 33. Qf2+ {[%emt 0:00:20] unterminated} b6 34. Qe3 $19 (34. Ne2 $16 Rh5 35. h4 Nxe4 36. dxe4) 34... Qb5 35. Qd2 d5 36. e5 d4 37. c4 Qc6+ {[%emt 0:03:38] normal} 0-1

[Event "DVM U14 2019"]
[Site "Magedburg"]
[Date "2019.12.27"]
[Round "1"]
[White "Yergin, Danyar"]
[Black "Frank, Marek"]
[Result "0-1"]
[ECO "B21"]
[WhiteElo "1428"]
[BlackElo "1430"]
[Annotator "NA RC"]
[PlyCount "40"]
[EventDate "2019.12.27"]
[EventType "team-tourn"]
[EventRounds "7"]
[EventCountry "GER"]
[SourceTitle "playchess.com"]
[Source "ChessBase"]
[SourceQuality "1"]
[WhiteTeam "SK Frankenthal"]
[BlackTeam "ESV Gera"]
[TimeControl "40/5400+30:1800+30"]

1. e4 c5 2. f4 g6 3. Nf3 Bg7 4. Nc3 Nc6 5. Bc4 d6 6. O-O e6 7. d3 Nge7 8. Qe1 O-O 9. g4 d5 10. Bb3 a6 11. f5 b5 12. exd5 exd5 13. a3 c4 14. dxc4 dxc4 15. Ba2 gxf5 16. gxf5 Nxf5 17. Rf2 Ncd4 18. Qe4 Rb8 19. Nd5 Bb7 20. Qg4 Qxd5 {[%emt 0:00:54] normal} 0-1

[Event "DVM U14 2019"]
[Site "Magedburg"]
[Date "2019.12.27"]
[Round "2"]
[White "Weihrauch, Jakob"]
[Black "Gutewort, Paul Emil"]
[Result "1-0"]
[ECO "B12"]
[WhiteElo "2169"]
[BlackElo "1714"]
[Annotator "NA"]
[PlyCount "35"]
[EventDate "2019.12.27"]
[EventType "team-tourn"]
[EventRounds "7"]
[EventCountry "GER"]
[SourceTitle "playchess.com"]
[Source "ChessBase"]
[SourceQuality "1"]
[WhiteTeam "Hamburger SK"]
[BlackTeam "SF Nordost Berlin"]
[TimeControl "40/5400+30:1800+30"]

1. e4 c6 2. d4 d5 3. e5 Bf5 4. h4 h6 5. g4 Bh7 6. e6 fxe6 7. Bd3 Bxd3 8. Qxd3 Qd6 9. Qg6+ Kd8 10. Nf3 Nd7 11. Qf7 Ngf6 12. g5 Ne4 13. Nbd2 Nxd2 14. Bxd2 e5 15. gxh6 gxh6 16. Bc3 e4 17. Ne5 Qf6 18. Qxf6 {[%emt 0:00:21] normal} 1-0

[Event "DVM U14 2019"]
[Site "Magedburg"]
[Date "2019.12.27"]
[Round "2"]
[White "Hetzner, Hannes"]
[Black "Zeuner, Ole"]
[Result "1-0"]
[ECO "D70"]
[WhiteElo "2000"]
[BlackElo "1794"]
[Annotator "NA"]
[PlyCount "79"]
[EventDate "2019.12.27"]
[EventType "team-tourn"]
[EventRounds "7"]
[EventCountry "GER"]
[SourceTitle "playchess.com"]
[Source "ChessBase"]
[SourceQuality "1"]
[WhiteTeam "SC Erlangen"]
[BlackTeam "Schachzwerge Magdeburg"]
[TimeControl "40/5400+30:1800+30"]

1. d4 Nf6 2. c4 g6 3. Nf3 Bg7 4. e3 O-O 5. Be2 d6 6. O-O c5 7. d5 e6 8. Nc3 exd5 9. cxd5 Qe7 10. Ne1 Bf5 11. f3 h5 12. e4 Bc8 13. Bg5 a6 14. a4 Qe5 15. Qc1 Nbd7 16. Nd3 Qe8 17. Bf4 Qe7 18. a5 Ne8 19. Bh6 Ne5 20. Bg5 Qc7 21. Nf2 Nf6 22. h3 Nh7 23. Bh6 Qe7 24. Bxg7 Kxg7 25. f4 Nd7 26. Bf3 Nhf6 27. Re1 Re8 28. Nd3 c4 29. Nf2 Nc5 30. Qe3 Nb3 31. Ra3 Nd7 32. Qe2 Nd4 33. Qxc4 Nc2 34. Raa1 Nxa1 35. Rxa1 Qf6 36. Nd3 Nc5 37. e5 Qf5 38. Nxc5 dxc5 39. Ne2 Bd7 40. Ng3 {[%emt 0:00:30] normal} 1-0

[Event "DVM U14 2019"]
[Site "Magedburg"]
[Date "2019.12.27"]
[Round "2"]
[White "Schubert, Nikita"]
[Black "Yin, Haode"]
[Result "1-0"]
[ECO "E04"]
[WhiteElo "1914"]
[BlackElo "1747"]
[Annotator "NA"]
[PlyCount "87"]
[EventDate "2019.12.27"]
[EventType "team-tourn"]
[EventRounds "7"]
[EventCountry "GER"]
[SourceTitle "playchess.com"]
[Source "ChessBase"]
[SourceQuality "1"]
[WhiteTeam "ESV Gera"]
[BlackTeam "SchachAkademiePaderborn"]
[TimeControl "40/5400+30:1800+30"]

1. d4 Nf6 2. c4 e6 3. Nf3 d5 4. g3 dxc4 5. Bg2 Bb4+ 6. Nc3 O-O 7. O-O Nc6 8. a3 Be7 9. e3 a6 10. Nd2 Na5 11. Qe2 c5 12. dxc5 Nb3 13. Nxb3 cxb3 14. Qc4 Qc7 15. Qxb3 Bxc5 16. Na4 Bd6 17. Bd2 Rb8 18. Rac1 Qe7 19. Nb6 Bc5 20. Bc3 Nd7 21. Nxd7 Bxd7 22. Be5 Bb5 23. Rfd1 Rbc8 24. a4 Bc6 25. Bxc6 Rxc6 26. Bd4 b6 27. Qd3 Qb7 28. Qe4 Qc7 29. b4 f5 30. Qg2 Rc8 31. bxc5 bxc5 32. Bc3 c4 33. Qf3 Qe7 34. e4 fxe4 35. Qxe4 Qg5 36. h4 Qe7 37. Qd4 Kf8 38. Rb1 Kg8 39. Rb6 R6c7 40. Qe5 Rf8 41. Rxa6 Rf5 42. Ra8+ Rf8 43. Rxf8+ Kxf8 44. Bb4 {[%emt 0:01:12] normal} 1-0

[Event "DVM U14 2019"]
[Site "Magedburg"]
[Date "2019.12.27"]
[Round "2"]
[White "Stockmann, Till"]
[Black "Högner, Tom"]
[Result "1-0"]
[ECO "C65"]
[WhiteElo "1894"]
[BlackElo "1768"]
[Annotator "NA"]
[PlyCount "87"]
[EventDate "2019.12.27"]
[EventType "team-tourn"]
[EventRounds "7"]
[EventCountry "GER"]
[SourceTitle "playchess.com"]
[Source "ChessBase"]
[SourceQuality "1"]
[WhiteTeam "Schachzwerge Magdeburg"]
[BlackTeam "SC Erlangen"]
[TimeControl "40/5400+30:1800+30"]

1. e4 e5 2. Nf3 Nc6 3. Bb5 Nf6 4. d3 Bc5 5. O-O d6 6. c3 O-O 7. h3 Bd7 8. Re1 a6 9. Ba4 b5 10. Bb3 Re8 11. Nbd2 Bb6 12. Nf1 Ne7 13. Bg5 Ng6 14. Ng3 h6 15. Be3 c5 16. Nh2 Be6 17. Ng4 Nxg4 18. hxg4 Bxb3 19. axb3 Kh7 20. Qf3 f6 21. Nf5 Rh8 22. Qh3 Kg8 23. Qf3 Ne7 24. Ng3 Kf7 25. Qd1 Ng6 26. b4 Qd7 27. Nf5 Ne7 28. Qb3+ Kf8 29. Red1 Nxf5 30. gxf5 Qf7 31. Qa3 Qc7 32. bxc5 Bxc5 33. Bxc5 dxc5 34. d4 exd4 35. cxd4 b4 36. Qa5 Qxa5 37. Rxa5 c4 38. Rc5 c3 39. bxc3 bxc3 40. Rxc3 Kg8 41. Ra1 Kh7 42. Rc6 Rhd8 43. d5 a5 44. Rc5 {[%emt 0:00:00] normal} 1-0